 Dungeon Crawl Stone Soup version 0.11.3 (webtiles) character file.

3009 CodaKJazz the Changer (level 9, -9/58 HPs)
             Began as a Sludge Elf Stalker on June 10, 2023.
             Was a Believer of Nemelex Xobeh.
             Mangled by an ice devil (14 damage)
             ... summoned by an orc wizard
             ... on Level 9 of the Dungeon on June 11, 2023.
             The game lasted 01:15:45 (12715 turns).

CodaKJazz the Changer (Sludge Elf Stalker)         Turns: 12715, Time: 01:15:45

HP  -9/58        AC  8     Str 12      XL: 9   Next: 82%
MP  21/21        EV 14     Int 16      God: Nemelex Xobeh [**....]
Gold 8           SH  0     Dex 20      Spells:  5 memorised,  5 levels left

Res.Fire  : . . .   See Invis. : .   a - +2,+3 elf dagger {=f}
Res.Cold  : . . .   Warding    : .   k - +2 leather armour
Life Prot.: . . .   Conserve   : .   (no shield)
Res.Poison: .       Res.Corr.  : .   (no helmet)
Res.Elec. : .       Clarity    : .   c - +0 elf cloak (curse)
Sust.Abil.: . .     Spirit.Shd : .   x - +0 pair of gauntlets
Res.Mut.  : .       Stasis     : .   O - +0 pair of boots
Res.Rott. : .       Ctrl.Telep.: .   (no amulet)
Saprovore : . . .   Levitation : .   v - ring of wizardry Ctrl.Flight: .
                                     n - +4 ring of dexterity

@: sage [Staves], slightly contaminated, slowed, glowing, very slow, somewhat
resistant to hostile enchantments, unstealthy
A: berserk 1, Str +1
a: Draw One, Peek at Two, Renounce Religion


You were on level 9 of the Dungeon.
You worshipped Nemelex Xobeh.
Nemelex Xobeh was most pleased with you.
You were hungry.

You visited 2 branches of the dungeon, and saw 11 of its levels.

You collected 446 gold pieces.
You spent 408 gold pieces at shops.

Inventory:

Hand weapons
 a - a +2,+3 elven dagger (weapon) {=f}
 b - a +0,+2 sling of velocity
 f - a cursed +1,+0 elven short sword
 q - a +1,+0 elven dagger of draining
 s - a +1,+2 spear
 C - a +2 blowgun
 D - a +0,+0 orcish club
Missiles
 g - 3 darts of frost
 h - 49 stones
 i - 82 darts (quivered)
 p - a poisoned dart
 w - 119 arrows
 y - 3 needles of confusion
 z - 28 poisoned needles
 F - 19 bolts
 I - 3 needles of slowing
Armour
 c - a cursed +0 elven cloak (worn)
 d - a +0 elven cloak
 k - a +2 leather armour (worn)
 x - a +0 pair of gauntlets (worn)
 H - a +0 orcish robe
 O - a +0 pair of boots (worn)
Magical devices
 l - a wand of fire (1)
 o - a wand of paralysis (3)
Comestibles
 B - 2 chunks of centaur flesh
Scrolls
 j - 2 scrolls of remove curse
 E - a scroll of blinking
Jewellery
 n - a +4 ring of dexterity (left hand)
 t - an uncursed ring of sustenance {unknown}
 u - an uncursed ring of ice
 v - a ring of wizardry (right hand)
Potions
 e - a potion of degeneration
 m - 2 potions of heal wounds
 r - 3 potions of curing
 A - a potion of poison


   Skills:
 * Level 5.8 Fighting
 - Level 0.8 Short Blades
 - Level 3.0 Throwing
 * Level 4.4 Dodging
 - Level 3.7 Stealth
 - Level 2.0 Stabbing
 - Level 2.0 Traps & Doors
 * Level 5.5 Spellcasting
 - Level 0.6 Necromancy
 - Level 7.4 Transmutations
 - Level 2.1 Fire Magic
 + Level 7.4 Earth Magic
 - Level 1.6 Evocations


You had 5 spell levels left.
You knew the following spells:

 Your Spells              Type           Power        Failure   Level  Hunger
a - Petrify               Trmt/Erth      #####....    3%          4    ####...
p - Passwall              Trmt/Erth      #####.....   1%          3    ###....
x - Evaporate             Fire/Trmt      ####...      1%          2    #......
z - Fulsome Distillation  Trmt/Necr      N/A          1%          1    None
D - Dig                   Trmt/Erth      #####....    3%          4    ####...


Dungeon Overview and Level Annotations

Branches:
Dungeon (10/27)            Temple (1/1) D:7             Orc (0/4) D:6
   Lair: D:8-13

Altars:
Elyvilon
Nemelex Xobeh

Shops:
D:5: !

Annotations
D:3 exclusion: downstairs
D:6 Duvessa
D:7 exclusion: 4 doors
D:8 Joseph
D:9 exclusion: downstairs
D:10 Erica


Innate Abilities, Weirdness & Mutations

You tend to lose your temper in combat.
Your muscles are strong (Str +1).


Message History

You hit the orc wizard.
The orc wizard is moderately wounded.
The orc wizard zaps a rod.
The orc wizard hits you but does no damage.
The ynoxinul gestures.
The ice devil hits you but does no damage.
The ice devil hits you! The ice devil freezes you!
The ufetubus barely misses you. The ufetubus closely misses you.
Unknown command.
You hit the orc wizard but do no damage.
The orc wizard is moderately wounded.
The orc wizard mumbles some strange words.
The orc wizard blinks!
The ynoxinul hits you. The ynoxinul gestures at you. The iron shot hits you!
Ouch! That really hurt!
* * * LOW HITPOINT WARNING * * *
The ice devil hits you!
You die...
Your body disappears without additional glow.

...........................≈.....
.................................
.................................
.................................
.................................
......................f..........
.............5.55................
........≈.....53§3.........>.....
...............5@3...............
......; ....?..5o..........≈.....
....≈≈ ..............)..........
.... ..(.....................
..≈≈≈ ........................
...;≈. ........................
....≈.........≈≈.................
.................................
.................................


You could see an ice devil, 2 ynoxinuls, an orc wizard and 6 ufetubi.

Vanquished Creatures
  Grinder (D:6)
  A hippogriff (D:9)
  A necrophage (D:8)
  Menkaure (D:6)
  3 orc warriors
  2 sky beasts (D:9)
  3 ogres
  2 ice beasts
  4 centaurs
  A gnoll sergeant (D:8)
  Blork the orc (D:6)
  4 giant frogs
  2 killer bees (D:8)
  3 wights (D:7)
  A big kobold zombie (D:9)
  A quasit (D:8)
  Dowan (D:6)
  3 crimson imps
  3 orc priests (D:9)
  3 hounds
  An iguana (D:7)
  2 orc wizards
  5 worker ants
  2 jellies
  A mummy (D:6)
  9 gnolls
  9 adders
  A giant centipede zombie (D:8)
  2 adder skeletons
  3 worms
  2 giant geckos
  26 orcs
  2 ball pythons (D:4)
  14 bats
  5 giant cockroaches
  11 goblins
  15 hobgoblins
  18 jackals
  23 kobolds
  2 quokkas
  4 giant newts
  A hobgoblin skeleton (D:4)
  An orc skeleton (D:7)
  16 rats
  A rat zombie (D:5)
  2 ballistomycetes (D:8)
  4 toadstools
223 creatures vanquished.

Vanquished Creatures (others)
  10 giant spores
  A ballistomycete (D:8)
11 creatures vanquished.

Grand Total: 234 creatures vanquished

Notes
Turn   | Place    | Note
--------------------------------------------------------------
     0 | D:1      | CodaKJazz, the Sludge Elf Stalker, began the quest for the Orb.
     0 | D:1      | Reached XP level 1. HP: 13/13 MP: 1/1
   711 | D:1      | Reached skill level 3 in Transmutations
   752 | D:1      | Reached skill level 1 in Throwing
   752 | D:1      | Reached XP level 2. HP: 18/18 MP: 3/3
   812 | D:1      | Learned a level 2 spell: Evaporate
  1495 | D:2      | Found a sparkling altar of Nemelex Xobeh.
  1498 | D:2      | Reached XP level 3. HP: 23/23 MP: 4/4
  1504 | D:2      | Became a worshipper of Nemelex Xobeh
  1522 | D:2      | Received a gift from Nemelex Xobeh
  1527 | D:2      | Gained mutation: Your body is slowly deteriorating. [helix card]
  1531 | D:2      | Lost mutation: Your body is slowly deteriorating. [helix card]
  1531 | D:2      | Gained mutation: You are frail (-10% HP). [helix card]
  1621 | D:2      | Lost mutation: You are frail (-10% HP). [potion of cure mutation]
  2208 | D:2      | Reached XP level 4. HP: 22/29 MP: 4/6
  3388 | D:3      | Reached XP level 5. HP: 22/34 MP: 8/8
  3441 | D:4      | Noticed an ogre
  3450 | D:3      | Reached skill level 1 in Fire Magic
  3676 | D:5      | Entered Level 5 of the Dungeon
  3748 | D:4      | Noticed an ogre
  3769 | D:4      | Killed an ogre
  3769 | D:4      | Reached XP level 6. HP: 39/39 MP: 0/11
  3805 | D:4      | Killed an ogre
  3805 | D:4      | Reached skill level 4 in Transmutations
  3805 | D:4      | Reached skill level 1 in Evocations
  4799 | D:5      | Reached XP level 7. HP: 45/45 MP: 14/14
  5704 | D:5      | Found Scheel Batada's Distillery.
  5707 | D:5      | Bought 2 potions of heal wounds for 72 gold pieces
  5707 | D:5      | Bought a potion of berserk rage for 36 gold pieces
  5707 | D:5      | Bought a potion of restore abilities for 36 gold pieces
  5707 | D:5      | Bought a potion of strong poison for 24 gold pieces
  5707 | D:5      | Bought a potion of poison for 12 gold pieces
  5860 | D:5      | Learned a level 3 spell: Passwall
  6251 | D:6      | Noticed Blork the orc
  6267 | D:6      | Noticed Duvessa
  6271 | D:6      | Killed Blork the orc
  6286 | D:6      | Noticed Dowan
  6863 | D:6      | Noticed Menkaure
  6864 | D:6      | Noticed Grinder
  6867 | D:6      | Paralysed by Grinder for 3 turns
  6872 | D:6      | Found a staircase to the Orcish Mines.
  6876 | D:6      | Found a white marble altar of Elyvilon.
  6906 | D:6      | Paralysed by Grinder for 7 turns
  6929 | D:6      | Killed Grinder
  6929 | D:6      | Reached skill level 5 in Transmutations
  6929 | D:6      | Reached XP level 8. HP: 52/52 MP: 15/19
  6992 | D:6      | Reached skill level 5 in Spellcasting
  7131 | D:6      | Reached skill level 1 in Earth Magic
  7443 | D:6      | Learned a level 4 spell: Dig
  7448 | D:6      | Learned a level 4 spell: Petrify
  7618 | D:7      | Reached skill level 1 in Traps & Doors
  7921 | D:7      | Found a staircase to the Ecumenical Temple.
  7932 | Temple   | Entered the Ecumenical Temple
  8326 | D:7      | Reached skill level 5 in Fighting
  9058 | D:8      | Reached XP level 9. HP: 55/58 MP: 21/21
  9346 | D:7      | Reached XP level 8. HP: 28/53 MP: 20/20
  9478 | D:8      | Reached XP level 9. HP: 30/58 MP: 2/21
  9633 | D:8      | Reached skill level 5 in Earth Magic
  9858 | D:8      | Reached skill level 6 in Transmutations
 10375 | D:8      | Noticed Joseph
 10624 | D:6      | Killed Menkaure
 10838 | D:5      | Bought 2 potions of heal wounds for 72 gold pieces
 10838 | D:5      | Bought 2 potions of brilliance for 60 gold pieces
 10838 | D:5      | Bought 2 potions of mutation for 72 gold pieces
 10838 | D:5      | Bought a potion of curing for 24 gold pieces
 10893 | D:6      | Killed Dowan
 10992 | D:7      | Acquired Nemelex Xobeh's first power
 11414 | D:9      | Noticed a hill giant
 11628 | D:9      | Reached skill level 7 in Transmutations
 11811 | D:9      | Noticed an orange demon
 12183 | D:10     | Entered Level 10 of the Dungeon
 12529 | D:10     | Noticed Erica
 12617 | D:9      | Received a gift from Nemelex Xobeh
 12622 | D:9      | Gained mutation: Your muscles are strong (Str +1). [helix card]
 12624 | D:9      | Acquired Nemelex Xobeh's second power
 12705 | D:9      | Gained mutation: You tend to lose your temper in combat. [mutagenic glow]
 12713 | D:9      | Noticed an ice devil
 12715 | D:9      | Mangled by an ice devil
